| TOP OF THE 1ST |
|
Kane County Cougars batting - Pitching for Lakewood BlueClaws : RHP Gregorio Padilla
|
|
Pitching: RHP Gregorio Padilla
|
|
|
Batting: RHB Francisco Gutierrez
|
0-0: Ground out 1-3 (Groundball, 13, EV 68.8 MPH)
|
|
Batting: RHB D.J. Cooke
|
0-0: Ball 1-0: Foul Ball, location: 2F 1-1: Foul Ball, location: 2F 1-2: Foul Ball, location: 2F 1-2: Strikes out looking
|
|
Batting: RHB Chad Mendoza
|
0-0: Ball 1-0: Ball 2-0: Called Strike 2-1: Ball 3-1: Ground out 6-3 (Groundball, 6, EV 103.8 MPH)
|
| Top of the 1st over - 0 runs, 0 hits, 0 errors, 0 left on base; Kane County 0 - Lakewood 0 |
| BOTTOM OF THE 1ST |
|
Lakewood BlueClaws batting - Pitching for Kane County Cougars : LHP Henry Torres
|
|
Pitching: LHP Henry Torres
|
|
|
Batting: LHB Matt Urbanek
|
0-0: Ball 1-0: Foul Ball, location: 2F 1-1: Ball 2-1: SINGLE (Groundball, 6M, EV 86.2 MPH) (infield hit)
|
|
Batting: RHB Victor Arias
|
0-0: Ball 1-0: Ball Matt Urbanek steals 2nd base (no throw) 2-0: Called Strike 2-1: Ball 3-1: SINGLE (Groundball, 6MD, EV 98.8 MPH) Matt Urbanek to third Runner from 3rd tries for Home, SAFE, throw by CF to home
|
|
Batting: SHB Steve DeRienzo
|
0-0: Foul Ball, location: 2F 0-1: Foul Ball, location: 2F 0-2: Foul Ball, location: 2F 0-2: Strikes out looking
|
|
Batting: LHB Joel Moore
|
0-0: Called Strike Victor Arias steals 2nd base 0-1: Foul Ball, location: 2F 0-2: Ball 1-2: DOUBLE (Flyball, 8RXD, EV 94.4 MPH) Victor Arias scores
|
|
Batting: RHB Vaclav Been
|
0-0: Called Strike 0-1: Called Strike 0-2: Ball 1-2: Strikes out swinging
|
|
Batting: RHB Bryan Alfaro
|
0-0: Ball 1-0: Ball 2-0: Swinging Strike 2-1: SINGLE (Groundball, 56D, EV 106.9 MPH) Joel Moore to third Runner from 3rd tries for Home, SAFE, throw by LF to home Bryan Alfaro to second
|
|
Batting: RHB Josh Baker
|
0-0: SINGLE (Line Drive, 5D, EV 98.8 MPH) Bryan Alfaro to third Runner from 3rd tries for Home, SAFE, throw by LF to home
|
|
Batting: LHB Eric Farren
|
0-0: Ball 1-0: Ball 2-0: Called Strike 2-1: Fly out, F9 (Flyball, 9LM, EV 95.0 MPH)
|
| Bottom of the 1st over - 4 runs, 5 hits, 0 errors, 1 left on base; Kane County 0 - Lakewood 4 |
| TOP OF THE 2ND |
|
Kane County Cougars batting - Pitching for Lakewood BlueClaws : RHP Gregorio Padilla
|
|
Batting: LHB J.P. Olson
|
0-0: Called Strike 0-1: Ball 1-1: Ball 2-1: Swinging Strike 2-2: Strikes out swinging
|
|
Batting: RHB Longfellow Wetzler
|
0-0: Called Strike 0-1: Ball 1-1: Swinging Strike 1-2: SINGLE (Groundball, 4MD, EV 99.4 MPH)
|
|
Batting: RHB Dustin Legault
|
0-0: Ball 1-0: Called Strike 1-1: Ball 2-1: Ball 3-1: Foul Ball, location: 2F 3-2: Base on Balls Longfellow Wetzler to second
|
|
Batting: RHB Sergio Manzanero
|
0-0: Ball Longfellow Wetzler is caught stealing 3rd base 2-5 1-0: Foul Ball, location: 2F 1-1: Ball 2-1: Foul Ball, location: 2F 2-2: Ball 3-2: Strikes out looking
|
| Top of the 2nd over - 0 runs, 1 hit, 0 errors, 1 left on base; Kane County 0 - Lakewood 4 |
| BOTTOM OF THE 2ND |
|
Lakewood BlueClaws batting - Pitching for Kane County Cougars : LHP Henry Torres
|
|
Batting: RHB Cory Bonham
|
0-0: Foul Ball, location: 2F 0-1: Ball 1-1: Fly out, F8 (Flyball, 78D, EV 98.8 MPH)
|
|
Batting: LHB Matt Urbanek
|
0-0: Ball 1-0: Called Strike 1-1: Swinging Strike 1-2: Fly out, F7 (Line Drive, 78D, EV 90.0 MPH)
|
|
Batting: RHB Victor Arias
|
0-0: Ground out 5-3 (Groundball, 56S, EV 62.5 MPH)
|
| Bottom of the 2nd over - 0 runs, 0 hits, 0 errors, 0 left on base; Kane County 0 - Lakewood 4 |
| TOP OF THE 3RD |
|
Kane County Cougars batting - Pitching for Lakewood BlueClaws : RHP Gregorio Padilla
|
|
Batting: RHB Ernesto Zamora
|
0-0: Ball 1-0: Foul Ball, location: 2F 1-1: Foul Ball, location: 2F 1-2: Ground out 6-3 (Groundball, 6, EV 90.0 MPH)
|
|
Batting: LHB Enrique Ponce
|
0-0: Fly out, F8 (Flyball, 8RD, EV 85.6 MPH)
|
|
Batting: RHB Francisco Gutierrez
|
0-0: Called Strike 0-1: Fly out, F9 (Line Drive, 9, EV 91.9 MPH)
|
| Top of the 3rd over - 0 runs, 0 hits, 0 errors, 0 left on base; Kane County 0 - Lakewood 4 |
| BOTTOM OF THE 3RD |
|
Lakewood BlueClaws batting - Pitching for Kane County Cougars : LHP Henry Torres
|
|
Batting: SHB Steve DeRienzo
|
0-0: Ball 1-0: Called Strike 1-1: Ball 2-1: Swinging Strike 2-2: Fly out, F9 (Flyball, 9, EV 76.9 MPH)
|
|
Batting: LHB Joel Moore
|
0-0: Ball 1-0: Swinging Strike 1-1: Ground out 6-3 (Groundball, 6, EV 101.2 MPH)
|
|
Batting: RHB Vaclav Been
|
0-0: Ground out 4-3 (Groundball, 4M, EV 101.9 MPH)
|
| Bottom of the 3rd over - 0 runs, 0 hits, 0 errors, 0 left on base; Kane County 0 - Lakewood 4 |
| TOP OF THE 4TH |
|
Kane County Cougars batting - Pitching for Lakewood BlueClaws : RHP Gregorio Padilla
|
|
Batting: RHB D.J. Cooke
|
0-0: Called Strike 0-1: Ball 1-1: Ball 2-1: Foul Ball, location: 2F 2-2: Ball 3-2: Foul Ball, location: 2F 3-2: Base on Balls
|
|
Batting: RHB Chad Mendoza
|
0-0: Ball 1-0: Called Strike 1-1: Foul Ball, location: 2F 1-2: Foul Ball, location: 2F 1-2: Foul Ball, location: 2F 1-2: Ball 2-2: Ball 3-2: Strikes out looking
|
|
Batting: LHB J.P. Olson
|
0-0: Ball D.J. Cooke steals 2nd, throwing error, E2 D.J. Cooke to third 1-0: Ground out 4-3 (Groundball, 4, EV 82.5 MPH) D.J. Cooke scores
|
|
Batting: RHB Longfellow Wetzler
|
0-0: Called Strike 0-1: Ground out 5-3 (Groundball, 56, EV 84.4 MPH)
|
| Top of the 4th over - 1 run, 0 hits, 1 error, 0 left on base; Kane County 1 - Lakewood 4 |
| BOTTOM OF THE 4TH |
|
Lakewood BlueClaws batting - Pitching for Kane County Cougars : LHP Henry Torres
|
|
Batting: RHB Bryan Alfaro
|
0-0: Ball 1-0: Swinging Strike 1-1: Swinging Strike 1-2: Ball 2-2: Strikes out swinging
|
|
Batting: RHB Josh Baker
|
0-0: Foul Ball, location: 2F 0-1: Ball 1-1: Foul Ball, location: 2F 1-2: Strikes out swinging
|
|
Batting: LHB Eric Farren
|
0-0: Swinging Strike 0-1: Foul Ball, location: 2F 0-2: Strikes out swinging
|
| Bottom of the 4th over - 0 runs, 0 hits, 0 errors, 0 left on base; Kane County 1 - Lakewood 4 |
| TOP OF THE 5TH |
|
Kane County Cougars batting - Pitching for Lakewood BlueClaws : RHP Gregorio Padilla
|
|
Batting: RHB Dustin Legault
|
0-0: Ball 1-0: Foul Ball, location: 2F 1-1: Ball 2-1: Foul Ball, location: 2F 2-2: Foul Ball, location: 2F 2-2: Ground out 5-3 (Groundball, 56, EV 96.2 MPH)
|
|
Batting: RHB Sergio Manzanero
|
0-0: Ball 1-0: Called Strike 1-1: Ball 2-1: Foul Ball, location: 2F 2-2: Ball 3-2: Base on Balls
|
|
Batting: RHB Ernesto Zamora
|
0-0: Called Strike 0-1: Foul Ball, location: 2F 0-2: Ball 1-2: Ball 2-2: Ball 3-2: Grounds into double play, 1-6-3 (Groundball, 13S, EV 71.2 MPH)
|
| Top of the 5th over - 0 runs, 0 hits, 0 errors, 0 left on base; Kane County 1 - Lakewood 4 |
| BOTTOM OF THE 5TH |
|
Lakewood BlueClaws batting - Pitching for Kane County Cougars : LHP Henry Torres
|
|
Batting: RHB Cory Bonham
|
0-0: Called Strike 0-1: Ball 1-1: SINGLE (Groundball, 6MD, EV 103.8 MPH)
|
|
Batting: LHB Matt Urbanek
|
0-0: Ball 1-0: Foul Ball, location: 2F 1-1: Ball 2-1: Swinging Strike 2-2: Foul Ball, location: 2F 2-2: Ball 3-2: Fly out, F8 (Line Drive, 8RM, EV 94.4 MPH)
|
|
Batting: RHB Victor Arias
|
0-0: Ball 1-0: Ball 2-0: SINGLE (Groundball, 56D, EV 106.9 MPH) Cory Bonham to second
|
|
Batting: SHB Steve DeRienzo
|
0-0: SINGLE (Groundball, 6MS, EV 67.5 MPH) (infield hit) Cory Bonham to third Victor Arias to second
|
|
Batting: LHB Joel Moore
|
0-0: Called Strike 0-1: Ball 1-1: Ball 2-1: Foul Ball, location: 2F 2-2: Foul Ball, location: 2F 2-2: Foul Ball, location: 2F 2-2: Ball 3-2: Reached on error, E5 (Groundball, 56, EV 105.0 MPH) Cory Bonham scores Victor Arias to third Steve DeRienzo to second
|
|
Batting: RHB Vaclav Been
|
0-0: Ball Wild Pitch! Victor Arias scores Steve DeRienzo to third Joel Moore to second 1-0: Ball 2-0: Fly out, F7 (Flyball, 78XD, EV 98.8 MPH) Runner from 3rd tags up, SCORES, no throw by LF
|
|
Pitching: RHP Jorge Gallegos
|
|
|
Batting: RHB Bryan Alfaro
|
0-0: Ball 1-0: Called Strike 1-1: Foul Ball, location: 2F 1-2: Ball 2-2: Foul Ball, location: 2F 2-2: Ball 3-2: Strikes out swinging
|
| Bottom of the 5th over - 3 runs, 3 hits, 1 error, 1 left on base; Kane County 1 - Lakewood 7 |
| TOP OF THE 6TH |
|
Kane County Cougars batting - Pitching for Lakewood BlueClaws : RHP Gregorio Padilla
|
|
Batting: LHB Enrique Ponce
|
0-0: Ball 1-0: Ball 2-0: Foul Ball, location: 2F 2-1: Swinging Strike 2-2: Ball 3-2: Base on Balls
|
|
Pitching: RHP Andrew Giles
|
|
|
Batting: RHB Francisco Gutierrez
|
0-0: Ball Enrique Ponce steals 2nd base 1-0: Ball 2-0: Ball 3-0: Called Strike 3-1: Called Strike 3-2: Base on Balls
|
|
Batting: RHB D.J. Cooke
|
0-0: Ball 1-0: Reaches on Catchers interference Enrique Ponce to third Francisco Gutierrez to second
|
|
Batting: RHB Chad Mendoza
|
0-0: Called Strike 0-1: Ball 1-1: Ball 2-1: Fly out, F7 (Flyball, 7LD, EV 98.8 MPH) Runner from 3rd tags up, SCORES, throw by LF Francisco Gutierrez to third
|
|
Batting: LHB J.P. Olson
|
0-0: Foul Ball, location: 2F 0-1: Foul Ball, location: 2F 0-2: Ball 1-2: Ball 2-2: Foul Ball, location: 2F 2-2: Ball 3-2: Fly out, F9 (Line Drive, 9, EV 110.0 MPH) Runner from 3rd tags up, SCORES, throw by RF
|
|
Batting: RHB Longfellow Wetzler
|
0-0: Called Strike D.J. Cooke steals 2nd base 0-1: Called Strike 0-2: Ball 1-2: Foul Ball, location: 2F 1-2: Strikes out swinging
|
| Top of the 6th over - 2 runs, 0 hits, 1 error, 1 left on base; Kane County 3 - Lakewood 7 |
| BOTTOM OF THE 6TH |
|
Lakewood BlueClaws batting - Pitching for Kane County Cougars : RHP Jorge Gallegos
|
|
Batting: RHB Josh Baker
|
0-0: Fly out, F9 (Flyball, 89M, EV 80.6 MPH)
|
|
Batting: LHB Eric Farren
|
0-0: SOLO HOME RUN (Flyball, 7D, EV 98.8 MPH), Distance : 352 ft
|
|
Batting: RHB Cory Bonham
|
0-0: Called Strike 0-1: Ball 1-1: Swinging Strike 1-2: Ball 2-2: Foul Ball, location: 2F 2-2: Strikes out swinging
|
|
Batting: LHB Matt Urbanek
|
0-0: Called Strike 0-1: Ball 1-1: Swinging Strike 1-2: Ball 2-2: Ball 3-2: Strikes out looking
|
| Bottom of the 6th over - 1 run, 1 hit, 0 errors, 0 left on base; Kane County 3 - Lakewood 8 |
| TOP OF THE 7TH |
|
Kane County Cougars batting - Pitching for Lakewood BlueClaws : RHP Andrew Giles
|
|
Batting: RHB Dustin Legault
|
0-0: Called Strike 0-1: Ball 1-1: Called Strike 1-2: Ball 2-2: Foul Ball, location: 2F 2-2: SOLO HOME RUN (Line Drive, 7D, EV 94.4 MPH), Distance : 347 ft
|
|
Batting: RHB Sergio Manzanero
|
0-0: Ball 1-0: Called Strike 1-1: Ball 2-1: Fly out, F9 (Flyball, 9D, EV 96.2 MPH)
|
|
Batting: RHB Ernesto Zamora
|
0-0: Ball 1-0: Swinging Strike 1-1: Ground out 5-3 (Groundball, 56, EV 91.9 MPH)
|
|
Batting: LHB Enrique Ponce
|
0-0: Ball 1-0: Ground out 5-3 (Groundball, 5L, EV 102.5 MPH)
|
| Top of the 7th over - 1 run, 1 hit, 0 errors, 0 left on base; Kane County 4 - Lakewood 8 |
| BOTTOM OF THE 7TH |
|
Lakewood BlueClaws batting - Pitching for Kane County Cougars : RHP Jorge Gallegos
|
|
Pitching: RHP John Petersen
|
|
|
Batting: RHB Victor Arias
|
0-0: Called Strike 0-1: Foul Ball, location: 2F 0-2: Ball 1-2: Foul Ball, location: 2F 1-2: Ball 2-2: Foul Ball, location: 2F 2-2: Fly out, F9 (Flyball, 9D, EV 101.2 MPH)
|
|
Batting: SHB Steve DeRienzo
|
0-0: Ball 1-0: Called Strike 1-1: Foul Ball, location: 2F 1-2: Ball 2-2: DOUBLE (Flyball, 8LD, EV 89.4 MPH)
|
|
Batting: LHB Joel Moore
|
0-0: Foul Ball, location: 2F 0-1: Ball 1-1: Ball 2-1: Foul Ball, location: 2F 2-2: Foul Ball, location: 2F 2-2: Ground out 4-3 (Groundball, 4, EV 89.4 MPH) Steve DeRienzo to third
|
|
Batting: RHB Vaclav Been
|
0-0: Swinging Strike 0-1: Called Strike 0-2: Ball 1-2: Ball 2-2: Strikes out looking
|
| Bottom of the 7th over - 0 runs, 1 hit, 0 errors, 1 left on base; Kane County 4 - Lakewood 8 |
| TOP OF THE 8TH |
|
Kane County Cougars batting - Pitching for Lakewood BlueClaws : RHP Andrew Giles
|
|
Pitching: RHP Ian Savary
|
|
|
Batting: RHB Francisco Gutierrez
|
0-0: Ball 1-0: SINGLE (Groundball, 4D, EV 100.6 MPH)
|
|
Batting: RHB D.J. Cooke
|
0-0: Foul Ball, location: 2F 0-1: Ball 1-1: Ball 2-1: Foul Ball, location: 2F 2-2: Foul Ball, location: 2F 2-2: Ball 3-2: Reached on error, E5 (Groundball, 56S, EV 81.2 MPH) Francisco Gutierrez to third
|
|
Batting: RHB Chad Mendoza
|
0-0: Called Strike 0-1: Ball 1-1: Foul Ball, location: 2F 1-2: Reached on error, E8 (Flyball, 78M, EV 83.8 MPH) Francisco Gutierrez scores D.J. Cooke to third
|
|
Batting: LHB J.P. Olson
|
0-0: Swinging Strike 0-1: Ball 1-1: Ball 2-1: Fly out, F7 (Flyball, 7, EV 84.4 MPH)
|
|
Batting: RHB Longfellow Wetzler
|
0-0: Swinging Strike 0-1: Ball Pickoff Throw to First - Error! E1 D.J. Cooke scores Chad Mendoza to second 1-1: Ball 2-1: Called Strike 2-2: Ball 3-2: Foul Ball, location: 2F 3-2: SINGLE (Groundball, 13S, EV 68.8 MPH) (infield hit) Chad Mendoza to third
|
|
Batting: RHB Dustin Legault
|
0-0: Swinging Strike 0-1: Called Strike 0-2: Foul Ball, location: 2F 0-2: Strikes out swinging
|
|
Batting: RHB Sergio Manzanero
|
0-0: Swinging Strike 0-1: Swinging Strike 0-2: Strikes out looking
|
| Top of the 8th over - 2 runs, 2 hits, 3 errors, 2 left on base; Kane County 6 - Lakewood 8 |
| BOTTOM OF THE 8TH |
|
Lakewood BlueClaws batting - Pitching for Kane County Cougars : RHP John Petersen
|
|
Pitching: RHP Jaylen Hatten
|
|
|
Batting: RHB Bryan Alfaro
|
0-0: Ball 1-0: Foul Ball, location: 2F 1-1: Swinging Strike 1-2: Strikes out swinging, 2-3 out at first.
|
|
Batting: RHB Josh Baker
|
0-0: Foul Ball, location: 2F 0-1: Ball 1-1: Called Strike 1-2: Ball 2-2: Hit by Pitch
|
|
Batting: LHB Eric Farren
|
0-0: Ball 1-0: Ball 2-0: Swinging Strike 2-1: Ball 3-1: Grounds into double play, 5-4-3 (Groundball, 56, EV 84.4 MPH)
|
| Bottom of the 8th over - 0 runs, 0 hits, 0 errors, 0 left on base; Kane County 6 - Lakewood 8 |
| TOP OF THE 9TH |
|
Kane County Cougars batting - Pitching for Lakewood BlueClaws : RHP Ian Savary
|
|
Pitching: RHP Shamar Hansford
|
|
|
Batting: RHB Ernesto Zamora
|
0-0: Ball 1-0: Hit by Pitch
|
|
Batting: LHB Enrique Ponce
|
0-0: Ball 1-0: Ball 2-0: Ball Wild Pitch! Ernesto Zamora to second 3-0: Called Strike 3-1: Ground out 4-3 (Groundball, 34, EV 106.9 MPH) Ernesto Zamora to third
|
|
Batting: RHB Francisco Gutierrez
|
0-0: Ball 1-0: Fly out, F9 (Flyball, 9, EV 88.1 MPH)
|
|
Batting: RHB D.J. Cooke
|
0-0: Ball 1-0: Ball 2-0: SINGLE (Groundball, 56S, EV 62.5 MPH) (infield hit) Ernesto Zamora scores
|
|
Batting: RHB Chad Mendoza
|
0-0: Ball 1-0: Fly out, F8 (Flyball, 8LD, EV 96.2 MPH)
|
| Top of the 9th over - 1 run, 1 hit, 0 errors, 1 left on base; Kane County 7 - Lakewood 8 |
|